AoeStats
← LeonMastin

Arena

509982122Analyzed
4v4 RM · 2d ago on Sep 28, 2026· 47m 59s· 8 players
Game mode
Random Map
Map size
Large (8 player)
Population
200
Speed
Normal
Resources
Standard
Victory
Conquest
Starting age
Dark Age
Ending age
Imperial Age
RankedLock teamsTeams togetherTeam positionsShared explorationLock speedFull tech treeHidden civsTurbo modeCheats
Victory
Defeat
🇹🇷 Turks · Türkiye
991
+16
🇪🇸 Bengalis · Spain
991
+16
🇹🇷 Britons · Türkiye
987
+16
🇪🇸 Khmer · Spain
974
+17
🇲🇽 Poles · Mexico
1033
-17
🇳🇿 Tatars · New Zealand
994
-16
🇺🇸 Persians · United States
990
-16
🇲🇽 Byzantines · Mexico
972
-16
mrsoysal
0:34 Loom
8:31 Feudal Age
16:23 Stone Mining
18:57 Castle Age
17:03 Double-Bit Axe
17:10 Horse Collar
17:39 Gold Mining
20:30 Bow Saw
21:42 Gold Shaft Mining
21:12 Heavy Plow
23:34 Town Watch
28:49 Imperial Age
28:05 Wheelbarrow
27:59 Caravan
30:49 Two-Man Saw
30:49 Conscription
32:00 Fletching
32:12 Padded Archer Armor
33:25 Ballistics
34:14 Chemistry
34:50 Hand Cart
34:38 Town Patrol
36:34 Heavy Scorpion
38:28 Elite Longbowman
40:29 Bodkin Arrow
40:50 Leather Archer Armor
44:17 Bracer
44:48 Ring Archer Armor
Ubric21
11:03 Feudal Age
14:32 Castle Age
12:37 Horse Collar
12:49 Double-Bit Axe
17:06 Heavy Plow
20:07 Wheelbarrow
21:04 Bow Saw
22:33 Hand Cart
22:09 Loom
24:12 Gold Mining
24:13 Stone Mining
26:02 Gold Shaft Mining
26:03 Stone Shaft Mining
26:13 Ballistics
26:05 Masonry
27:00 Scale Barding Armor
27:08 Forging
27:29 Town Watch
30:30 Imperial Age
28:35 Chain Barding Armor
29:10 Iron Casting
29:47 Tusk Swords
30:54 Fletching
32:12 Blast Furnace
32:20 Chemistry
31:35 Husbandry
31:45 Bloodlines
31:26 Elite Battle Elephant
32:43 Conscription
32:44 Double Crossbow
32:09 Heavy Scorpion
33:41 Plate Barding Armor
35:11 Bodkin Arrow
41:05 Light Cavalry
42:03 Hussar
43:28 Siege Engineers
LeonMastin
10:28 Loom
12:14 Feudal Age
13:35 Loom
14:29 Double-Bit Axe
17:10 Castle Age
24:55 Wheelbarrow
27:17 Imperial Age
24:35 Town Watch
25:42 Town Patrol
26:41 Scale Barding Armor
26:46 Forging
26:27 Fletching
26:33 Horse Collar
28:07 Husbandry
28:18 Bloodlines
27:29 Light Cavalry
28:33 Chain Barding Armor
28:49 Iron Casting
28:48 Heavy Plow
29:37 Bow Saw
29:53 Gold Mining
29:54 Stone Mining
30:46 Conscription
31:29 Hand Cart
33:04 Chemistry
32:00 Murder Holes
32:15 Fortified Wall
34:29 Squires
34:15 Arson
35:03 Paiks
35:42 Plate Barding Armor
36:08 Blast Furnace
35:04 Bodkin Arrow
35:14 Elite Battle Elephant
37:31 Two-Man Saw
37:11 Bodkin Arrow
39:54 Mahayana
42:36 Pikeman
45:25 Halberdier
48:16 Bracer
KARA
11:40 Feudal Age
14:03 Double-Bit Axe
16:24 Castle Age
14:28 Horse Collar
17:34 Bow Saw
17:55 Loom
18:59 Wheelbarrow
28:30 Imperial Age
27:23 Hand Cart
27:01 Fletching
29:31 Ballistics
30:24 Bodkin Arrow
32:31 Bracer
33:37 Two-Man Saw
32:39 Heavy Plow
33:19 Padded Archer Armor
33:27 Gold Mining
33:29 Stone Mining
34:41 Leather Archer Armor
34:50 Thumb Ring
37:27 Conscription
37:57 Ring Archer Armor
39:08 Artillery
39:13 Sappers
40:30 Forging
40:27 Scale Barding Armor
42:18 Masonry
41:54 Arrowslits
42:46 Iron Casting
42:32 Chain Barding Armor
41:49 Elite Janissary
42:49 Bloodlines
43:20 Husbandry
45:38 Blast Furnace
46:00 Plate Barding Armor
46:45 Town Watch
47:44 Scale Mail Armor
Mora
11:19 Feudal Age
16:09 Castle Age
14:33 Double-Bit Axe
15:41 Horse Collar
20:34 Loom
23:22 Bow Saw
23:18 Heavy Plow
24:29 Wheelbarrow
24:28 Gold Mining
25:43 Stone Mining
26:26 Forging
27:22 Husbandry
27:58 Hand Cart
29:48 Scale Mail Armor
29:54 Scale Barding Armor
33:54 Imperial Age
32:26 Gold Shaft Mining
32:47 Iron Casting
32:28 Chain Mail Armor
34:14 Elite Cataphract
36:38 Two-Man Saw
36:17 Conscription
35:32 Cavalier
35:35 Light Cavalry
37:01 Crop Rotation
37:25 Paladin
39:28 Chemistry
38:49 Ballistics
38:11 Treadmill Crane
40:34 Plate Mail Armor
40:24 Chain Barding Armor
40:38 Fortified Wall
42:37 Pikeman
43:03 Gambesons
43:19 Squires
43:04 Arson
43:22 Halberdier
43:51 Arson
44:52 Plate Barding Armor
44:54 Fletching
46:09 Bodkin Arrow
47:44 Bombard Tower
Dragón del Oeste
10:44 Feudal Age
11:15 Double-Bit Axe
14:30 Loom
17:09 Castle Age
15:22 Horse Collar
15:56 Stone Mining
20:08 Wheelbarrow
19:44 Fletching
21:03 Bow Saw
25:47 Town Watch
26:16 Scale Mail Armor
26:23 Light Cavalry
28:09 Bloodlines
29:36 Forging
30:11 Scale Barding Armor
35:48 Imperial Age
34:35 Gold Mining
37:16 Conscription
36:50 Winged Hussar
37:32 Husbandry
38:19 Chain Barding Armor
38:57 Iron Casting
40:42 Heavy Plow
John Wayne
0:35 Loom
12:18 Feudal Age
12:36 Horse Collar
13:34 Wheelbarrow
12:47 Double-Bit Axe
12:57 Stone Mining
19:31 Castle Age
17:39 Gold Mining
20:18 Hand Cart
20:04 Heavy Plow
20:18 Bow Saw
21:28 Gold Shaft Mining
21:34 Stone Shaft Mining
25:44 Forging
25:40 Scale Barding Armor
26:34 Bloodlines
29:12 Gold Shaft Mining
32:10 Imperial Age
31:17 Iron Casting
31:02 Chain Barding Armor
30:36 Fletching
30:46 Padded Archer Armor
30:50 Husbandry
31:47 Cavalier
33:05 Crop Rotation
33:51 Two-Man Saw
34:05 Blast Furnace
33:38 Savar
35:05 Conscription
35:01 Kamandaran
35:24 Thumb Ring
36:15 Plate Barding Armor
35:25 Crossbowman
36:10 Bodkin Arrow
36:34 Leather Archer Armor
41:14 Ring Archer Armor
41:38 Light Cavalry
42:51 Hussar
cheesyspudfries
10:54 Feudal Age
11:53 Double-Bit Axe
15:00 Castle Age
12:57 Horse Collar
13:08 Gold Mining
16:52 Bow Saw
19:51 Wheelbarrow
19:22 Loom
23:16 Stone Mining
24:13 Heavy Plow
25:52 Gold Shaft Mining
25:36 Scale Mail Armor
26:05 Hand Cart
30:14 Imperial Age
27:57 Fortified Wall
29:47 Squires
29:33 Arson
29:08 Pikeman
30:27 Forging
30:22 Man-at-Arms
33:05 Chemistry
32:26 Ballistics
31:39 Halberdier
33:01 Iron Casting
32:27 Padded Archer Armor
33:00 Scale Barding Armor
32:24 Capped Ram
34:10 Conscription
33:56 Silk Armor
33:27 Siege Ram
40:52 Timurid Siegecraft
40:39 Onager
41:33 Heavy Camel Rider
42:20 Husbandry
42:30 Bloodlines
42:39 Elite Steppe Lancer
42:54 Light Cavalry
Connection lost

Rejoining the realm…

Still unreachable

The connection could not be restored.

Session expired

The server has moved on; the page needs a fresh start.